 Dungeon Crawl Stone Soup version 0.16-a0-1157-gec61f8e (webtiles) character file.

5425 MackTheKnife the Cloud Mage (level 10, -13/69 HPs)
             Began as a Demigod Air Elementalist on Oct 8, 2014.
             Mangled by an ice devil (30 damage)
             ... summoned by a kobold demonologist
             ... on level 9 of the Dungeon.
             The game lasted 00:33:08 (11852 turns).

MackTheKnife the Cloud Mage (DgAE)                 Turns: 11852, Time: 00:33:09

Health: -13/69     AC:  6    Str: 11    XL:     10   Next: 18%
Magic:  5/28       EV: 16    Int: 27    God:
Gold:   489        SH:  0    Dex: 21    Spells: 4 memorised, 12 levels left

rFire  . . .     SeeInvis .     G - +1 dagger (elec)
rCold  . . .     Clarity  .     p - +0 leather armour
rNeg   . . .     SustAb   .     (no shield)
rPois  +         Gourm    .     D - +2 hat
rElec  .         Spirit   .     (no cloak)
rCorr  .         Warding  .     H - +0 pair of gloves
rMut   .         Stasis   .     (no boots)
MR     +....                    C - amulet of regeneration
Stlth  +++.......               w - +2 ring of intelligence
                                A - ring of poison resistance

@: agile, about to teleport, somewhat resistant to hostile enchantments, fairly
stealthy
A: hooves 1
a: no special abilities


You were on level 9 of the Dungeon.
You were hungry.

You visited 2 branches of the dungeon, and saw 10 of its levels.

You collected 489 gold pieces.


Innate Abilities, Weirdness & Mutations

You have large cloven feet.


   Skills:
 - Level 1.7 Dodging
 - Level 1.7 Stealth
 + Level 7.2 Spellcasting
 - Level 8.4 Conjurations
 - Level 9.1 Air Magic


You had 12 spell levels left.
You knew the following spells:

 Your Spells              Type           Power        Failure   Level  Hunger
f - Static Discharge      Conj/Air       ######..     1%          3    None
s - Swiftness             Chrm/Air       ####....     1%          2    None
x - Lightning Bolt        Conj/Air       ######....   4%          5    ####...
z - Shock                 Conj/Air       ####         1%          1    None

Inventory:

Hand weapons
 a - a +1 great sword of holy wrath
 G - a +1 dagger of electrocution (weapon)
Missiles
 j - 37 stones (quivered)
 n - a throwing net
Armour
 p - a +0 leather armour (worn)
 D - a +2 hat (worn)
 H - a +0 pair of gloves (worn)
Magical devices
 h - a wand of fire (6)
 t - a wand of teleportation (6)
 x - a wand of slowing (16)
Comestibles
 c - 3 bread rations
 f - 4 meat rations
 k - 3 beef jerkies
 o - 5 chunks of centaur flesh {@*1}
 B - 6 fruits
Scrolls
 m - 3 scrolls of identify
 q - a scroll of amnesia
 u - a scroll of teleportation
Jewellery
 w - a +2 ring of intelligence (right hand)
 A - a ring of poison resistance (left hand)
 C - an amulet of regeneration (around neck)
Potions
 g - 2 potions of haste
 i - 2 potions of mutation {!q}
 r - a potion of magic
 v - a potion of might
 E - 2 potions of brilliance
Books
 b - a book of Air

   Spells                             Type                      Level
   *Shock                             Conjuration/Air              1
   *Swiftness                         Charms/Air                   2
   Repel Missiles                     Charms/Air                   2
   Flight                             Charms/Air                   3
   *Static Discharge                  Conjuration/Air              3
   *Lightning Bolt                    Conjuration/Air              5
 l - a book of the Tempests

   Spells                             Type                      Level
   *Static Discharge                  Conjuration/Air              3
   *Lightning Bolt                    Conjuration/Air              5
   Fireball                           Conjuration/Fire             5
   Tornado                            Air                          9
   Shatter                            Earth                        9
Magical staves
 y - an uncursed staff of cold

▒ ▒ ▒·▒ ▒·▒ ▒
▒·▒ ▒·▒ ▒·▒
▒J▒ ▒·▒ ▒
▒·▒▒▒g▒ ▒·▒
▒·▒ ▒·▒·▒g▒·▒
▒·▒▒▒·▒·▒c▒▒
▒ ▒·▒·▒·▒·▒p▒
▒·▒
▒▒·▒·▒·▒▒▒3▒
▒
▒·▒▒▒·▒·▒·▒·▒
▒5▒ ▒·▒
▒·▒·▒·▒·▒▒▒·▒
▒K▒
▒·▒▒▒·▒·▒·▒·▒
▒·▒ ▒#▒ ▒
▒·▒·▒·▒·▒▒▒·▒
▒·▒ ▒·▒
·▒▒▒·▒·▒·▒▒
▒·▒ ▒·▒ ▒
▒·▒·▒·▒·▒·▒
▒·▒ ▒
▒▒·▒·▒·▒▒▒·▒
▒·▒


You could see an ice devil, a kobold demonologist, a centaur, a jelly, a quasit
and 2 hobgoblins.


Message History

The centaur barely misses you. The ice devil hits you.
The ice devil freezes you!
* * * LOW HITPOINT WARNING * * *
The kobold demonologist gestures wildly while chanting.
A hobgoblin comes into view.
Read which item? (? for menu, Esc to quit)
As you read the scroll of teleportation, it crumbles to dust.
You feel strangely unstable. The centaur hits you!
* * * LOW HITPOINT WARNING * * *
The centaur hits you but does no damage.
The ice devil barely misses you.
A jelly comes into view.
Unknown command.
Drink which item? (? for menu, Esc to quit)
You feel better. The centaur closely misses you.
The ice devil barely misses you.
Drink which item? (? for menu, Esc to quit)
You feel agile all of a sudden. The centaur closely misses you.
The centaur hits you.
* * * LOW HITPOINT WARNING * * *
The ice devil hits you but does no damage.
Unknown command.
You barely miss the centaur. You kick the centaur, but do no damage.
The centaur is lightly wounded.
The centaur hits you.
* * * LOW HITPOINT WARNING * * *
The ice devil hits you.
* * * LOW HITPOINT WARNING * * *
The ice devil freezes you!!
You die...

Action                   |  1- 3 |  4- 6 |  7- 9 | 10-12 || total
-------------------------+-------+-------+-------+-------++-------
Melee: Mace              |    72 |    28 |       |       ||   100
       Unarmed           |     2 |       |       |       ||     2
       Great sword       |       |    71 |   194 |       ||   265
       Dagger            |       |       |    56 |    26 ||    82
 Cast: Shock             |    34 |    88 |   176 |       ||   298
       Swiftness         |       |     1 |       |       ||     1
       Lightning Bolt    |       |       |    26 |    15 ||    41
       Static Discharge  |       |       |    33 |       ||    33
Evoke: Wand              |       |     1 |       |       ||     1
  Use: Scroll            |     1 |     9 |    12 |     1 ||    23
       Potion            |       |       |    12 |     3 ||    15
 Stab: Sleeping          |     2 |     1 |     4 |       ||     7
       Distracted        |       |       |     2 |       ||     2
  Eat: Chunk             |     4 |     9 |    19 |     2 ||    34
       Bread ration      |       |       |     2 |       ||     2
       Meat ration       |       |       |     1 |       ||     1
       Beef jerky        |       |       |     1 |       ||     1
       Fruit             |       |       |       |     1 ||     1
       Pizza             |       |       |       |     1 ||     1

Vault maps used:
D:1:      shiori_arrival_oz, minmay_misc_feat_x
D:2:      cheibriados_altar_1, grunt_temple_overflow_open, first_bread,
          nrook_mini_backslash
D:3:      good_gods_mini_temple, overflow_temple_1_default
D:4:      grunt_qazlal_sundering, yredelemnul_altar_generic,
          kennysheep_little_box, serial_glass, glass_columns_a, glass_columns_a,
          minmay_strange_pillars, minmay_strange_pillars,
          kennysheep_generic_room_12, uniq_grinder, uniq_menkaure, uniq_sigmund
D:5:      serial_corexii_hall, corexii_hall_statues_x, corexii_hall_statues_i
D:7:      basic_altar
D:9:      minmay_imperfect_grid, kennysheep_mini_moat, lemuel_crystal_altar,
          david_lair_shrubbed
Temple:   nicolae_temple_great_sept

Notes
Turn   | Place    | Note
--------------------------------------------------------------
     0 | D:1      | MackTheKnife, the Demigod Air Elementalist, began the quest for the Orb.
     0 | D:1      | Reached XP level 1. HP: 14/14 MP: 3/3
    55 | D:1      | Reached skill level 1 in Conjurations
   450 | D:1      | Reached skill level 3 in Air Magic
   450 | D:1      | Reached XP level 2. HP: 18/20 MP: 4/4
   676 | D:1      | Learned a level 2 spell: Swiftness
  1142 | D:1      | Reached skill level 2 in Spellcasting
  1414 | D:2      | Found an ancient bone altar of Kikubaaqudgha.
  1468 | D:2      | Found a radiant altar of Vehumet.
  1468 | D:2      | Found a snail-covered altar of Cheibriados.
  1518 | D:2      | Reached XP level 3. HP: 26/26 MP: 0/8
  2031 | D:3      | Found an iron altar of Okawaru.
  2113 | D:3      | Reached skill level 2 in Conjurations
  2115 | D:3      | Found a glowing silver altar of Zin.
  2115 | D:3      | Found a white marble altar of Elyvilon.
  2116 | D:3      | Found a glowing golden altar of the Shining One.
  2192 | D:3      | Reached XP level 4. HP: 12/33 MP: 0/11
  3219 | D:4      | Noticed Menkaure
  3225 | D:4      | Killed Menkaure
  3225 | D:4      | Reached skill level 3 in Spellcasting
  3225 | D:4      | Reached skill level 4 in Air Magic
  3225 | D:4      | Reached XP level 5. HP: 38/38 MP: 8/14
  3328 | D:4      | Found a stormy altar of Qazlal.
  3400 | D:4      | Noticed Sigmund
  3628 | D:4      | Reached skill level 3 in Conjurations
  3709 | D:4      | Noticed a phantom
  3722 | D:4      | Killed a phantom
  3722 | D:4      | Reached XP level 6. HP: 37/45 MP: 8/17
  3845 | D:4      | Found a shattered altar of Ashenzari.
  3845 | D:4      | Noticed Grinder
  3874 | D:5      | Entered Level 5 of the Dungeon
  4733 | D:5      | Reached skill level 4 in Spellcasting
  4733 | D:5      | Reached skill level 5 in Air Magic
  4885 | D:5      | Reached XP level 7. HP: 50/50 MP: 20/20
  5056 | D:5      | Reached skill level 4 in Conjurations
  5459 | D:6      | Learned a level 5 spell: Lightning Bolt
  5647 | D:6      | Reached skill level 6 in Air Magic
  5681 | D:6      | Reached skill level 5 in Conjurations
  6457 | D:6      | Reached XP level 8. HP: 55/57 MP: 16/21
  7073 | D:4      | Killed Sigmund
  7179 | D:4      | Noticed an ogre
  7192 | D:4      | Reached skill level 6 in Conjurations
  7195 | D:4      | Killed an ogre
  7195 | D:4      | Reached skill level 7 in Air Magic
  7240 | D:4      | Found a basalt altar of Yredelemnul.
  7700 | D:7      | Found a radiant altar of Vehumet.
  8162 | D:6      | Learned a level 3 spell: Static Discharge
  8214 | D:7      | Found a staircase to the Ecumenical Temple.
  8399 | D:7      | Paralysed by Grinder for 5 turns
  8404 | D:7      | Killed Grinder
  8404 | D:7      | Reached skill level 7 in Conjurations
  8457 | Temple   | Entered the Ecumenical Temple
  8515 | D:7      | Reached skill level 8 in Air Magic
  8785 | D:7      | Reached XP level 9. HP: 62/62 MP: 16/22
  9649 | D:8      | Reached skill level 8 in Conjurations
 10115 | D:8      | Reached skill level 9 in Air Magic
 10805 | D:9      | Found a staircase to the Orcish Mines.
 11128 | D:9      | Found a sparkling altar of Nemelex Xobeh.
 11169 | D:9      | Reached skill level 5 in Spellcasting
 11389 | D:9      | Gained mutation: You have large cloven feet. [potion of beneficial mutation]
 11393 | D:9      | Noticed a komodo dragon
 11396 | D:9      | Killed a komodo dragon
 11577 | D:9      | Reached skill level 6 in Spellcasting
 11600 | D:9      | Reached XP level 10. HP: 41/69 MP: 11/27
 11704 | D:9      | Reached skill level 7 in Spellcasting
 11838 | D:9      | Noticed a kobold demonologist
 11843 | D:9      | Noticed an ice devil
 11852 | D:9      | Mangled by an ice devil

Vanquished Creatures
  A komodo dragon (D:9)
  Grinder (D:7)
  A deep elf mage (D:9)
  2 yaks (D:9)
  A hill giant zombie (D:9)
  A hippogriff (D:8)
  A hungry ghost (D:7)
  Menkaure (D:4)
  3 black bears (D:9)
  4 phantoms
  4 ogres
  A sky beast (D:9)
  An ice beast (D:9)
  3 orc warriors
  A centaur (D:9)
  Sigmund (D:4)
  A gnoll sergeant (D:7)
  A big kobold (D:9)
  6 giant frogs
  A cyclops skeleton (D:9)
  2 scorpions
  A hippogriff skeleton (D:7)
  5 killer bees
  2 wights (D:9)
  2 goliath beetles
  4 crimson imps
  4 orc priests
  A centaur zombie (D:5)
  7 hounds
  4 iguanas
  2 jellies
  A giant frog skeleton (D:8)
  4 orc wizards
  6 worker ants
  A hound zombie (D:6)
  A mummy (D:6)
  A worker ant zombie (D:8)
  10 adders
  11 gnolls
  5 shadow imps
  A goliath beetle zombie (D:5)
  An adder skeleton (D:4)
  4 giant geckos
  An ooze (D:6)
  29 orcs
  10 bats
  8 giant cockroaches
  A giant mite zombie (D:8)
  6 hobgoblins
  7 jackals
  4 quokkas
  A ball python (D:3)
  A ball python skeleton (D:4)
  6 giant newts
  2 gnoll zombies (D:7)
  10 goblins
  2 goblin skeletons
  A hobgoblin skeleton (D:7)
  A jackal skeleton (D:6)
  14 kobolds
  A kobold skeleton (D:4)
  An orc skeleton (D:7)
  An orc zombie (D:7)
  14 rats
  A rat skeleton (D:7)
  A rat zombie (D:7)
239 creatures vanquished.

Vanquished Creatures (others)
  A plant (D:9)
1 creature vanquished.

Grand Total: 240 creatures vanquished
